 Dungeon Crawl Stone Soup version 0.32-a0-928-g1cae6b7ea0 (webtiles) character file.

Game seed: 6333567422964224938

90 PriceMaster the Sneak (level 4, -1/28 HPs)
             Began as an Octopode Fire Elementalist on Apr 12, 2024.
             Slain by an adder (3 damage)
             ... on level 3 of the Dungeon.
             The game lasted 00:01:57 (2330 turns).

PriceMaster the Sneak (Octopode Fire Elementalist)  Turns: 2330, Time: 00:01:57

Health: -1/28      AC:  1    Str:  6 (7)  XL:     4   Next: 56%
Magic:  1/7        EV: 12    Int: 18 (19) God:
Gold:   45         SH:  0    Dex: 10 (12) Spells: 7/8 levels left

rFire   . . .        e - +0 dagger
rCold   + . .        (no shield)
rNeg    . . .        (helmet restricted)
rPois   .            (no amulet)
rElec   .            (no ring)
rCorr   .            (no ring)
SInv    .            (no ring)
Will    .....        (no ring)
Stlth   +++          (no ring)
HPRegen 0.24/turn    (no ring)
MPRegen 0.10/turn    (no ring)
                     (no ring)

%: clarity
@: hasted, very quick
A: almost no armour, amphibious, 8 rings, camouflage 1, gelatinous body 1,
(nimble swimmer 1), tentacles, tentacle spike 1, clarity, cold resistance 1,
wild magic 1
a: no special abilities


You were on level 3 of the Dungeon.
You visited 1 branch of the dungeon, and saw 3 of its levels.

You collected 45 gold pieces.

Inventory:

Hand Weapons
 e - a +0 dagger (weapon)
Scrolls
 b - a scroll of noise {unknown}
 c - 2 scrolls of blinking {unknown}
 d - 4 scrolls of identify {unknown}
 h - a scroll of teleportation {unknown}
 j - a scroll of poison {unknown}
 k - a scroll of revelation {unknown}
Potions
 a - a potion of magic
 i - a potion of haste


   Skills:
 * Level 1.3 Fighting
 + Level 2.2 Dodging
 * Level 4.0 Stealth
 + Level 0.2 Unarmed Combat
 * Level 2.5 Spellcasting
 + Level 1.5 Conjurations
 + Level 3.4 Fire Magic


You had 7 spell levels left.
You knew the following spells:

 Your Spells              Type           Power      Damage    Failure   Level
a - Foxfire               Conj/Fire      56%        2x1d6     10%         1

Your spell library contained the following spells:

 Spells                   Type           Power      Damage    Failure   Level
 Scorch                   Fire           38%        2d6       10%         2
 Inner Flame              Hex/Fire       11%        N/A       34%         3
 Volatile Blastmotes      Fire/Tloc      22%        2d11      34%         3
 Flame Wave               Conj/Fire      14%        2d6       61%         4


Dungeon Overview and Level Annotations

Branches:
Dungeon (3/15)

Altars:
Elyvilon

Portals:
Sewer: D:3


Innate Abilities, Weirdness & Mutations

You cannot wear most types of armour.
You are amphibious.
You can wear up to eight rings at the same time.
Your skin changes colour to match your surroundings (Stealth+).
Your rubbery body absorbs attacks. (AC +1, EV +1)
((You are camouflaged when in or above water. (Stealth+)))
You have tentacles for arms and can constrict up to eight enemies at once.
One of your tentacles bears a spike.
You possess an exceptional clarity of mind.
Your flesh is cold resistant. (rC+)
Your spells are a little harder to cast, but a little more powerful.


Message History

The adder is severely wounded.
You feel sick.
You are no longer poisoned.
The foxfire hits the adder.
You kill the adder!
The foxfire hits the adder.
The adder is heavily wounded.
The adder misses you. The adder bites you.
Casting: Foxfire (safe; 6% risk of failure)
Confirm with . or Enter, or press ? or * to list all spells.
You conjure some foxfire!
The adder barely misses you. The adder bites you.
The giant cockroach closely misses you.
The foxfire hits the adder.
The adder is severely wounded.
The foxfire hits the adder.
The adder is almost dead.
Casting: Foxfire (safe; 6% risk of failure)
Confirm with . or Enter, or press ? or * to list all spells.
You conjure some foxfire!
The adder bites you.
* * * LOW HITPOINT WARNING * * *
You are poisoned.
The adder poisons you!
The foxfire hits the giant cockroach.
You kill the giant cockroach!
The adder misses you.
It was a potion of degeneration.
There was something very wrong with that liquid.
You feel weakened.
You feel dopey.
You feel clumsy.
You feel sick. The adder closely misses you.
Your foxfire dissipates!
You feel sick. The adder attacks as it pursues you! The adder bites you.
* * * LOW HITPOINT WARNING * * *
It was a potion of mutation.
You feel extremely strange.
You feel resistant to cold.
Your thoughts seem clearer.
One of your lower tentacles grows a sharp spike.
You feel less in control of your magic.
You feel sick. The adder misses you. The adder barely misses you.
It was a potion of haste.
You feel yourself speed up.
You feel sick.
You are no longer poisoned.
The adder bites you.
You die...

........ ##. #.#.#.#.. .. .
#...... ######.#### ##.
#..... #.........# #..
##..#.. #.....$...#
##.###..##.. #$.....[..#
#.......##..
#.........########..#..#####.
#.......!...@SS....<#.## ##
###.##########B.......##### #
#.# #####.†..#........##
##.#####.......#..######..##
#...........#.#..## ##.#.
#.#######..##...## #...
#.#~~~~~#..##.### ####
#.#~~∩~~'.#...#
#.#~~~~~#....##


You could see 2 adders and a giant cockroach.

Vanquished Creatures
  3 adders
  2 dart slugs
  A ribbon worm (D:2)
  An orc (D:3)
  6 ball pythons
  6 endoplasms
  3 giant cockroaches
  4 goblins
  6 hobgoblins
  3 jackals (D:2)
  6 bats
  4 frilled lizards
  4 kobolds
  2 rats
51 creatures vanquished.

Vanquished Creatures (collateral kills)
  4 foxfires (D:2)
4 creatures vanquished.

Vanquished Creatures (others)
  154 foxfires
154 creatures vanquished.

Grand Total: 209 creatures vanquished

Notes
Turn   | Place    | Note
-------+----------+-------------------------------------------
     0 | D:1      | PriceMaster the Octopode Fire Elementalist began the quest
                  | for the Orb.
     0 | D:1      | Reached XP level 1. HP: 11/11 MP: 3/3
   262 | D:1      | Reached skill level 3 in Stealth
   310 | D:1      | Reached XP level 2. HP: 18/18 MP: 1/5
  1008 | D:2      | Reached XP level 3. HP: 18/22 MP: 1/6
  1219 | D:2      | Reached skill level 1 in Fighting
  1362 | D:2      | Found a white marble altar of Elyvilon.
  1807 | D:2      | Reached XP level 4. HP: 28/28 MP: 2/7
  1895 | D:2      | Reached skill level 4 in Stealth
  2276 | D:3      | Found a glowing drain.
  2329 | D:3      | Gained mutation: Your flesh is cold resistant. (rC+)
                  | [potion of mutation]
  2329 | D:3      | Gained mutation: You possess an exceptional clarity of
                  | mind. [potion of mutation]
  2329 | D:3      | Gained mutation: One of your tentacles bears a spike.
                  | [potion of mutation]
  2329 | D:3      | Gained mutation: Your spells are a little harder to cast,
                  | but a little more powerful. [potion of mutation]
  2330 | D:3      | Slain by an adder

Illustrated notes

Levels and vault maps discovered:
D:1:      matt_arrival_debris, layout_basic, chequers_decorated_corner,
          minmay_pentomino_z2
D:2:      layout_basic, basic_altar, hangedman_decor_diamond_cutter,
          hangedman_decor_peaks_small, dreamdust_princess_corridor
D:3:      layout_rooms, mainiacjoe_overflow_small_starburst,
          gup_sewer_entry_glass

Skill      XL: |  1  2  3  4 |
---------------+-------------+-----
Stealth        | 3 4 |  4.0
Fighting       | 1 |  1.3
Dodging        | |  2.2
Unarmed Combat | |  0.2
Spellcasting   | |  2.5
Conjurations   | |  1.5
Fire Magic     | |  3.4

Action                     |  1- 3 |  4- 6 || total
---------------------------+-------+-------++-------
  Melee: Unarmed           |    13 |       ||    13
         Tentacles         |    12 |     4 ||    16
         Constrict         |    13 |     4 ||    17
         Dagger            |    15 |    14 ||    29
   Cast: Foxfire           |    81 |    28 ||   109
    Use: Potion            |       |     3 ||     3
   Stab: Sleeping          |     3 |     1 ||     4
 Armour: Skin              |    16 |    20 ||    36
  Dodge: Dodged            |    22 |    26 ||    48

Table legend: (Time is in decaauts)
 A = Elapsed time spent in this place.
 B = Non-inter-level travel time spent in this place.
 C = Inter-level travel time spent in this place.
 D = Time resting spent in this place.
 E = Time spent auto-exploring this place.
 F = Levels seen in this place.
 G = Mean time per level.
                   A        B        C        D        E       F      G
               +--------+--------+--------+--------+--------+-----+--------+
         Total |   2328 |   2281 |     47 |      0 |   1962 |   3 |  776.0 |
       Dungeon |   2328 |   2281 |     47 |      0 |   1962 |   3 |  776.0 |
               +--------+--------+--------+--------+--------+-----+--------+

Top non-repeatable levels by time:
     D:2: 1142 daAuts
     D:1: 990 daAuts
     D:3: 196 daAuts
